 Dungeon Crawl Stone Soup version 0.24.0-13-gcf9b319 (webtiles) character file.

Game seed: 4627186327031557025, levelgen mode: deterministic

73064 DrKleor the Carver (level 15, -8/115 HPs)
             Began as a Formicid Fighter on Nov 14, 2019.
             Was the Champion of Okawaru.
             Killed from afar by a crystal guardian (44 damage)
             ... with a crystal bolt
             ... on level 12 of the Dungeon.
             The game lasted 01:25:04 (28642 turns).

DrKleor the Carver (Formicid Fighter)              Turns: 28642, Time: 01:25:04

Health: -8/115     AC: 36    Str: 25      XL:     15   Next: 88%
Magic:  16/22      EV: 11    Int: 10 (14) God:    Okawaru [******]
Gold:   1940       SH: 13    Dex: 10      Spells: 14/14 levels left

rFire    + + .     SeeInvis +   p - +2 demon blade (elec)
rCold    . . .     Gourm    .   c - +0 shield
rNeg     . . .     Faith    .   M - +4 crystal plate armour of Edanud {rF+ Int+4}
rPois    +         Spirit   .   (helmet unavailable)
rElec    .         Reflect  .   t - +0 cloak "Panoddot" {rPois rCorr}
rCorr    +         Harm     .   l - +0 pair of gloves
MR       +....                  a - +0 pair of boots {Stlth+}
Stlth    ..........             x - amulet of the acrobat
HPRegen  0.29/turn              h - +2 ring of protection
MPRegen  0.18/turn              T - ring of protection from fire

@: heroism, finesse, very slow
A: permanent stasis, dig shafts and tunnels, four strong arms, antennae 3
a: Dig, Shaft Self, Heroism, Finesse, Renounce Religion


You were on level 12 of the Dungeon.
You worshipped Okawaru.
Okawaru was exalted by your worship.
You were not hungry.

You visited 4 branches of the dungeon, and saw 22 of its levels.
You also visited: Sewer, Bailey and Gauntlet.

You collected 2150 gold pieces.
You spent 210 gold pieces at shops.

Inventory:

Hand Weapons
 p - a +2 demon blade of electrocution (weapon)
Missiles
 L - 12 javelins (quivered)
 Y - 12 silver javelins
Armour
 a - a +0 pair of boots of stealth (worn)
 c - a +0 shield (worn)
 l - a +0 pair of gloves (worn)
 t - the +0 cloak "Panoddot" (worn) {rPois rCorr}
   (Okawaru gifted it to you on level 2 of the Lair of Beasts)

   It protects you from poison.
   It provides partial protection from all sources of acid and corrosion.
 M - the +4 crystal plate armour of Edanud (worn) {rF+ Int+4}
   (Okawaru gifted it to you on level 11 of the Dungeon)

   It affects your intelligence (+4).
   It protects you from fire.
Jewellery
 b - an uncursed ring of see invisible {unknown}
 h - a +2 ring of protection (left hand)
 x - an amulet of the acrobat (around neck)
 E - an uncursed ring of ice
 F - an uncursed ring of flight
 T - a ring of protection from fire (right hand)
 V - an uncursed amulet of faith {unknown}
 W - an uncursed ring of positive energy {unknown}
 Z - an uncursed ring of wizardry {unknown}
Wands
 G - a wand of digging (4)
Scrolls
 i - 4 scrolls of fear
 j - 3 scrolls of random uselessness {unknown}
 k - 4 scrolls of enchant armour
 m - 2 scrolls of fog {unknown}
 n - a scroll of acquirement {unknown}
 o - 3 scrolls of immolation {unknown}
 r - 8 scrolls of remove curse
 s - 7 scrolls of magic mapping {unknown}
 y - 2 scrolls of amnesia {unknown}
 B - a scroll of silence {unknown}
 H - a scroll of holy word {unknown}
 I - 2 scrolls of blinking {unknown}
 N - 4 scrolls of noise {unknown}
 O - a scroll of torment {unknown}
 Q - 3 scrolls of enchant weapon {unknown}
 R - 3 scrolls of identify
Potions
 e - 2 potions of brilliance
 g - 3 potions of invisibility
 q - 5 potions of cancellation
 u - 9 potions of flight
 v - a potion of magic
 w - 8 potions of curing
 z - a potion of heal wounds
 A - a potion of agility
 C - a potion of resistance {unknown}
 D - a potion of ambrosia {unknown}
 K - a potion of berserk rage {unknown}
 X - a potion of mutation {unknown}
Comestibles
 f - 34 rations


   Skills:
 - Level 10.0(15.0) Fighting
 - Level 14.0(19.0) Long Blades
 + Level 11.1(16.1) Throwing
 - Level 12.7(17.7) Armour
 - Level 9.0(14.0) Dodging
 - Level 9.0(14.0) Shields
 - Level 10.0 Invocations


You had 14 spell levels left.
You didn't know any spells.
Your spell library contained the following spells:

 Spells                   Type           Power        Failure   Level  Hunger
 Confusing Touch          Hex            #.....       100%        1    ##.....
 Shock                    Conj/Air       #...         100%        1    ##.....
 Poisonous Vapours        Pois/Air       #.....       100%        2    ###....
 Sticks to Snakes         Tmut           #.......     100%        2    ###....
 Swiftness                Chrm/Air       #.......     100%        2    ###....
 Confuse                  Hex            #.......     100%        3    ####...
 Conjure Flame            Conj/Fire      #.......     100%        3    ####...
 Gell's Gravitas          Tloc           #.........   100%        3    ####...
 Mephitic Cloud           Conj/Pois/Air  #.......     100%        3    ####...
 Recall                   Summ/Tloc      N/A          100%        3    ####...
 Static Discharge         Conj/Air       #.......     100%        3    ####...
 Airstrike                Air            #.........   100%        4    #####..
 Animate Dead             Necr           N/A          100%        4    #####..
 Ice Form                 Ice/Tmut       #.......     100%        4    #####..
 Petrify                  Tmut/Erth      #.......     100%        4    #####..
 Bolt of Magma            Conj/Fire/Erth #.........   100%        5    ######.
 Borgnjor's Vile Clutch   Necr/Erth      #.........   100%        5    ######.
 Iskenderun's Battlesphe  Conj/Chrm      #.......     100%        5    ######.
 Lightning Bolt           Conj/Air       #.........   100%        5    ######.
 Metabolic Englaciation   Hex/Ice        #.........   100%        5    ######.
 Venom Bolt               Conj/Pois      #.........   100%        5    ######.
 Yara's Violent Unravell  Hex/Tmut       #.........   100%        5    ######.
 Death Channel            Necr           #.........   100%        6    #######
 Freezing Cloud           Conj/Ice/Air   #.........   100%        6    #######
 Iron Shot                Conj/Erth      #.........   100%        6    #######
 Simulacrum               Ice/Necr       #.........   100%        6    #######
 Orb of Destruction       Conj           #.........   100%        7    #######
 Ring of Flames           Chrm/Fire      #.........   100%        7    #######
 Spellforged Servitor     Conj/Summ      #.........   100%        7    #######


Dungeon Overview and Level Annotations

Branches:
Dungeon (13/15)            Temple (1/1) D:4            Lair (6/6) D:11
 Shoals (0/4) Lair:4        Snake (0/4) Lair:2        Slime (0/5) Lair:6
    Orc (2/2) D:11            Elf (0/3) Orc:2         Sewer (visited)
 Bailey (visited)         Gauntlet (visited)
 Vaults: D:13-14

Altars:
Ashenzari
Cheibriados
Dithmenos
Elyvilon
Gozag
Hepliaklqana
Kikubaaqudgha
Makhleb
Nemelex Xobeh
Okawaru
Qazlal
Ru
Sif Muna
Trog
Uskayaw
Wu Jian
Xom
Yredelemnul
Zin
The Shining One
Beogh
Jiyva

Shops:
D:10 *:   Orc:2 [*}!

Annotations:
D:9 2 transporters
Orc:2 3 exclusions


Innate Abilities, Weirdness & Mutations

You cannot be hasted, slowed, berserked, paralysed or teleported.
You can dig through walls and to a lower floor.
Your four strong arms can wield two-handed weapons with a shield.
You have a pair of large antennae on your head. (SInv)


Message History

The crystal guardian is heavily damaged.
The crystal guardian fires a crystalline bolt at you.
The crystal bolt freezes the crystal guardian.
The crystal guardian completely resists.
The crystal bolt freezes you!!!
* * * LOW HITPOINT WARNING * * *
Okay, then.
Press: ? - help, v - describe, . - travel
Here: a crystal guardian (heavily damaged, hasn't noticed you)
An open translucent door.
You block the crystal guardian's attack.
Okay, then.
As you read the scroll of fear, it crumbles to dust.
You assume a fearsome visage.
The crystal guardian is unaffected. x2
The crystal guardian fires a crystalline bolt at you.
The crystal bolt freezes you but does no damage.
You feel much better.
You are engulfed in freezing vapours.
The crystal guardian fires a crystalline bolt at you.
The crystal bolt freezes you!!!
You die...

#.≈#$...(....#≈........)..
#.≈#:.(....).#≈###########
#.≈#.:...[.$.#≈......#
#.≈#....($..)#≈.####.#
#.≈#...?...$.#≈.# #.#
#.≈#...[.....#≈<# #.# #.≈#
##8## #≈#####.#
#.≈#####8#####≈......#
##≈≈≈≈≈≈°@○≈≈≈≈#######
###############


You could see 2 crystal guardians.

Vanquished Creatures
  Rupert (Lair:4)
  A minotaur (Gauntlet)
  Snorg (Orc:2)
  6 hydras
  A two-headed ogre (D:12)
  A queen ant (Gauntlet)
  A dancing weapon (Orc:1)
  3 orc high priests (Orc:2)
  14 death yaks
  Nergalle (Lair:4)
  An unseen horror (D:10)
  A sixfirhy (Gauntlet)
  An orange crystal statue (D:12)
  A necromancer (D:11)
  2 orc knights
  An ugly thing (D:12)
  An orc sorcerer (Orc:2)
  3 oklob plants (Lair:6)
  4 black mambas
  A torpor snail (Lair:2)
  A gargoyle (D:12)
  23 spiny frogs
  2 rime drakes
  8 komodo dragons
  A merfolk (Lair:4)
  Prince Ribbit (D:5)
  4 trolls
  A hornet (D:10)
  Grinder (D:5)
  9 tyrant leeches
  10 hippogriffs
  23 blink frogs
  2 shadows (D:12)
  4 wyverns
  2 basilisks
  A steam dragon (D:12)
  57 yaks
  6 vampire mosquitoes (Lair:5)
  5 wargs
  Edmund (D:5)
  2 swamp worms (Lair:2)
  A naga (Lair:2)
  3 soldier ants (Gauntlet)
  Duvessa (D:4)
  6 water moccasins
  3 large abominations (Gauntlet)
  6 porcupines
  3 ice beasts
  24 orc warriors
  A black bear (Lair:2)
  12 ogres
  15 wolves
  3 phantoms
  A centaur (D:12)
  2 necrophages
  11 crocodiles
  3 big kobolds
  33 bullfrogs
  A gnoll sergeant (Orc:1)
  Dowan (D:4)
  3 scorpions
  12 killer bees (D:12)
  2 howler monkeys
  2 electric eels
  7 crimson imps
  2 bullfrog zombies
  A jelly (D:10)
  A quasit (D:4)
  4 hounds
  42 orc priests
  4 centaur skeletons
  2 bullfrog skeletons
  34 orc wizards
  3 small abominations (Gauntlet)
  6 hell rats (Lair:5)
  2 iguanas
  4 worker ants
  5 polar bear simulacra (D:11)
  A wolf simulacrum (D:11)
  3 yak simulacra (D:11)
  A hound zombie (D:6)
  A worker ant zombie (D:5)
  Robin (D:4)
  13 gnolls
  16 adders
  4 shadow imps
  2 ufetubi (Gauntlet)
  An adder skeleton (D:9)
  9 worms
  4 dart slugs
  7 leopard geckos
  78 orcs
  6 ball pythons (Sewer)
  12 bats
  5 giant cockroaches
  17 goblins
  12 hobgoblins
  11 jackals
  3 quokkas
  10 frilled lizards
  A jackal zombie (D:5)
  26 kobolds
  A leopard gecko skeleton (D:5)
  A leopard gecko zombie (D:6)
  3 quokka skeletons
  8 rats
  2 river rat simulacra (D:11)
735 creatures vanquished.

Vanquished Creatures (others)
  9 fungi
  48 plants
  14 withered plants (Gauntlet)
71 creatures vanquished.

Grand Total: 806 creatures vanquished

Notes
Turn   | Place    | Note
-------+----------+-------------------------------------------
     0 | D:1      | DrKleor the Formicid Fighter began the quest for the Orb.
     0 | D:1      | Reached XP level 1. HP: 18/18 MP: 1/1
   156 | D:1      | Reached XP level 2. HP: 24/24 MP: 2/2
   305 | D:1      | You fall into a shaft and drop 1 floor!
   836 | D:2      | Reached XP level 3. HP: 29/30 MP: 3/3
  1311 | D:2      | Reached skill level 3 in Long Blades
  1369 | D:2      | Noticed a moth of wrath
  1598 | D:2      | Reached XP level 4. HP: 33/37 MP: 4/4
  1602 | D:2      | Found a bloodstained altar of Trog.
  2155 | D:3      | Reached XP level 5. HP: 40/43 MP: 5/5
  2203 | D:3      | Found a glowing drain.
  2213 | Sewer    | Entered a sewer
  2365 | Sewer    | Reached skill level 5 in Fighting
  2370 | Sewer    | Reached skill level 4 in Long Blades
  2570 | Sewer    | Noticed a bullfrog
  2570 | Sewer    | Noticed a bullfrog
  2578 | Sewer    | Killed a bullfrog
  2578 | Sewer    | Reached XP level 6. HP: 34/51 MP: 6/6
  2591 | Sewer    | HP: 1/51 [bullfrog (7)]
  2592 | Sewer    | Reached skill level 5 in Long Blades
  2890 | Sewer    | Got a distressingly furry chain mail
  2901 | Sewer    | Identified the cursed +1 chain mail "Beonothri" {rElec rF+
                  | Stlth+} (You found it in a sewer)
  3301 | D:3      | Found a shadowy altar of Dithmenos.
  3705 | D:4      | Found a staircase to the Ecumenical Temple.
  3735 | Temple   | Entered the Ecumenical Temple
  3845 | Temple   | Became a worshipper of Warmaster Okawaru
  3884 | D:4      | Found an opulent altar of Gozag.
  4037 | D:4      | Noticed Robin
  4048 | D:4      | Reached XP level 7. HP: 56/56 MP: 7/7
  4058 | D:4      | Killed Robin
  4131 | D:4      | Reached skill level 6 in Long Blades
  4327 | D:4      | Noticed Duvessa
  4327 | D:4      | Noticed Dowan
  4350 | D:4      | Killed Duvessa
  4350 | D:4      | Reached skill level 5 in Shields
  4363 | D:4      | Killed Dowan
  4363 | D:4      | Reached * piety under Okawaru
  4553 | D:4      | Found a sparkling altar of Nemelex Xobeh.
  4753 | D:5      | Entered Level 5 of the Dungeon
  4873 | D:5      | Reached XP level 8. HP: 62/62 MP: 8/8
  4878 | D:5      | Noticed Prince Ribbit
  4904 | D:5      | Killed Prince Ribbit
  4904 | D:5      | Reached skill level 7 in Long Blades
  5000 | D:5      | Noticed Grinder
  5000 | D:5      | Noticed Edmund
  5042 | D:5      | Killed Edmund
  5058 | D:5      | Killed Grinder
  5058 | D:5      | Reached skill level 8 in Long Blades
  5916 | D:6      | Reached XP level 9. HP: 52/68 MP: 9/9
  6205 | D:6      | Reached ** piety under Okawaru
  6628 | D:7      | Found a basalt altar of Yredelemnul.
  6725 | D:7      | Reached skill level 9 in Long Blades
  6776 | D:7      | Found a flagged portal.
  6782 | Bailey   | Entered a bailey
  7140 | Bailey   | Noticed an orc knight
  7148 | Bailey   | Killed an orc knight
  7148 | Bailey   | Reached *** piety under Okawaru
  7148 | Bailey   | Reached skill level 10 in Long Blades
  7678 | D:7      | Found a shimmering altar of Xom.
  8040 | D:7      | Reached XP level 10. HP: 66/74 MP: 10/10
  8201 | D:7      | Found a white marble altar of Elyvilon.
  8201 | D:7      | Found a shattered altar of Ashenzari.
  8782 | D:8      | Reached skill level 5 in Armour
  8848 | D:8      | Found an ornate altar of the Wu Jian Council.
  8848 | D:8      | Found an ancient bone altar of Kikubaaqudgha.
  8848 | D:8      | Found a burning altar of Makhleb.
  8849 | D:8      | Found a snail-covered altar of Cheibriados.
  8935 | D:8      | Found a hide-covered altar of Uskayaw.
  9319 | D:9      | Found a roughly hewn altar of Beogh.
  9376 | D:9      | Reached skill level 11 in Long Blades
  9400 | D:9      | Reached **** piety under Okawaru
  9501 | D:9      | Received a gift from Okawaru
 10061 | D:9      | Found a stormy altar of Qazlal.
 10554 | D:9      | Found a transporter.
 10554 | D:9      | Found a transporter.
 10596 | D:9      | Noticed a two-headed ogre
 10650 | D:10     | Entered Level 10 of the Dungeon
 10717 | D:10     | Found Foghaph's Book Boutique.
 10741 | D:10     | Noticed an unseen horror
 10775 | D:10     | Killed an unseen horror
 10775 | D:10     | Reached skill level 12 in Long Blades
 10775 | D:10     | Reached XP level 11. HP: 60/79 MP: 11/11
 11359 | D:10     | Reached ***** piety under Okawaru
 11718 | D:10     | Found Tuecixkexe's Elemental Accessories.
 12160 | D:11     | Found a staircase to the Lair.
 12179 | D:11     | Reached skill level 1 in Invocations
 12622 | D:11     | Noticed a necromancer
 12648 | D:11     | Killed a necromancer
 13340 | D:11     | Found a staircase to the Orcish Mines.
 13883 | D:11     | Reached skill level 13 in Long Blades
 13883 | D:11     | Reached skill level 5 in Invocations
 14076 | D:11     | Received a gift from Okawaru
 14079 | D:11     | Got a twisted crystal plate armour {god gift}
 14093 | D:11     | Identified the +4 crystal plate armour of Edanud {rF+
                  | Int+4} (Okawaru gifted it to you on level 11 of the
                  | Dungeon)
 14339 | D:11     | Found a roughly hewn altar of Beogh.
 14736 | D:12     | Reached XP level 12. HP: 86/86 MP: 16/16
 14763 | D:12     | Noticed a two-headed ogre
 14781 | D:12     | Killed a two-headed ogre
 14948 | D:12     | Noticed a six-headed hydra
 14978 | D:12     | HP: 4/86 [20-headed hydra (1)]
 15536 | D:12     | Found a runed translucent door.
 15692 | D:13     | Noticed a four-headed hydra
 15780 | Orc:1    | Entered Level 1 of the Orcish Mines
 16250 | Orc:1    | Noticed a +2 demon blade
 16361 | Orc:1    | Killed a +2 demon blade
 16361 | Orc:1    | Reached skill level 14 in Long Blades
 16746 | Orc:2    | Entered Level 2 of the Orcish Mines
 17061 | Orc:2    | Noticed an orc high priest
 17090 | Orc:2    | Killed an orc high priest
 17348 | Orc:2    | Found a staircase to the Elven Halls.
 17364 | Orc:2    | Reached skill level 10 in Invocations
 17460 | Orc:2    | Noticed an orc high priest
 17484 | Orc:2    | Noticed a soul eater
 17489 | Orc:2    | Killed an orc high priest
 17489 | Orc:2    | Reached skill level 10 in Armour
 17606 | Orc:2    | Received a gift from Okawaru
 17751 | Orc:2    | Noticed an orc high priest
 17774 | Orc:2    | Killed an orc high priest
 17837 | Orc:2    | Reached XP level 13. HP: 80/91 MP: 20/20
 18536 | Orc:2    | Found Aniov's Distillery.
 18536 | Orc:2    | Found Dubojucs's Assorted Antiques.
 18595 | Orc:2    | Noticed Snorg
 18614 | Orc:2    | Killed Snorg
 18776 | Orc:2    | Found Marar's Antique Armour Shoppe.
 18776 | Orc:2    | Found Nistri's Gadget Emporium.
 18787 | Orc:2    | Bought a pair of glowing boots for 210 gold pieces
 19236 | Lair:1   | Entered Level 1 of the Lair of Beasts
 19257 | Lair:1   | Found a frozen archway.
 19587 | Lair:1   | Found a gate leading to a gauntlet.
 19593 | Gauntlet | Entered a Gauntlet
 19593 | Gauntlet | Found a transporter.
 19603 | Gauntlet | Found a transporter.
 19618 | Gauntlet | Found a transporter.
 19623 | Gauntlet | Found a transporter.
 19637 | Gauntlet | Noticed a reaper
 19642 | Gauntlet | Found a transporter.
 19660 | Gauntlet | Found a transporter.
 19669 | Gauntlet | Found a transporter.
 19675 | Gauntlet | Found a transporter.
 19690 | Gauntlet | Found a transporter.
 19702 | Gauntlet | Found a transporter.
 19714 | Gauntlet | Found a transporter.
 19714 | Gauntlet | Noticed an entropy weaver
 19735 | Gauntlet | Found a transporter.
 19748 | Gauntlet | Found a transporter.
 19750 | Gauntlet | Found a transporter.
 19775 | Gauntlet | Found a transporter.
 19777 | Gauntlet | Found a transporter.
 19797 | Gauntlet | Found a transporter.
 19887 | Gauntlet | Found a transporter.
 20179 | Gauntlet | Got a flickering emerald amulet
 20681 | Gauntlet | Noticed a minotaur
 20688 | Gauntlet | Killed a minotaur
 20688 | Gauntlet | Reached skill level 1 in Dodging
 20704 | Gauntlet | Identified Hil Kaib's Tome of Transformation and Sinister
                  | Magic
 21039 | Lair:1   | Identified the amulet of Suadwyd {+Rage rN+} (You found it
                  | in a Gauntlet)
 21299 | Lair:2   | Found a sacrificial altar of Ru.
 21330 | Lair:2   | Noticed a seven-headed hydra
 21357 | Lair:2   | Killed a seven-headed hydra
 21357 | Lair:2   | Received a gift from Okawaru
 21361 | Lair:2   | Got a jewelled cloak {god gift}
 21372 | Lair:2   | Identified the +0 cloak "Panoddot" {rPois rCorr} (Okawaru
                  | gifted it to you on level 2 of the Lair of Beasts)
 21894 | Lair:2   | Found a staircase to the Snake Pit.
 22204 | Lair:2   | You fall into a shaft and drop 1 floor!
 22312 | Lair:3   | Reached XP level 14. HP: 106/106 MP: 21/21
 22654 | Lair:3   | Reached skill level 5 in Dodging
 22674 | Lair:3   | Reached skill level 10 in Fighting
 22851 | Lair:3   | Reached skill level 1 in Throwing
 23666 | Lair:4   | Noticed Nergalle
 23709 | Lair:4   | Killed Nergalle
 23812 | Lair:4   | Found a staircase to the Shoals.
 24056 | Lair:4   | Noticed Rupert
 24087 | Lair:4   | Killed Rupert
 24809 | Lair:5   | Received a gift from Okawaru
 24821 | Lair:5   | Reached skill level 5 in Throwing
 24930 | Lair:5   | Received a gift from Okawaru
 24976 | Lair:5   | Reached XP level 15. HP: 109/115 MP: 22/22
 25020 | Lair:5   | Received a gift from Okawaru
 25182 | Lair:5   | Received a gift from Okawaru
 25556 | Lair:6   | Entered Level 6 of the Lair of Beasts
 25571 | Lair:5   | Reached ****** piety under Okawaru
 25585 | Lair:5   | Received a gift from Okawaru
 25699 | Lair:6   | Found a viscous altar of Jiyva.
 25699 | Lair:6   | Found a staircase to the Slime Pits.
 26337 | Lair:5   | Received a gift from Okawaru
 27195 | Lair:6   | Reached skill level 10 in Throwing
 28576 | D:12     | Received a gift from Okawaru
 28642 | D:12     | Killed from afar by a crystal guardian

Levels and vault maps discovered:
D:1:      minmay_arrival_radiant_lines, layout_loops_ring
D:2:      layout_basic, tgw_trog, first_ration
D:3:      layout_loops_ring, old_standard_altar, cheibrodos_sewer_entry_drain,
          grunt_ministairs_12, kennysheep_generic_room_6
D:4:      layout_gridville, nicolae_gozag_seed_capital,
          minmay_temple_entry_slanted, nemelex_spade_bored_becter, uniq_duvessa,
          uniq_robin
D:5:      layout_loops_ring, uniq_prince_ribbit1, uniq_grinder, uniq_edmund
D:6:      layout_loops_ring
D:7:      minmay_inner_zag, layout_cave_pools, lemuel_crystal_altar,
          kennysheep_mini, gammafunk_temple_overflow_elements,
          chequers_ossuary_entry_cave, enter_bailey_3
D:8:      layout_rooms, chequers_temple_overflow_statue_of_worship,
          lemuel_round_altar
D:9:      gammafunk_beogh_shrine, layout_long_grid, grunt_qazlal_clouds,
          basic_altar, grunt_ogre_cave
D:10:     layout_basic, serial_shops, shop, nicolae_elemental_shop
D:11:     layout_basic, erik_lair_orcish_takeover,
          minmay_orc_entry_temple_small, eino_house_with_fridge
D:12:     layout_basic, minmay_crystal_box
D:13:     layout_roguey, lightli_corner_chamber, uniq_jorgrun, uniq_frances
Temple:   compressed_dpeg_triangle_lava_temple
Lair:1:   layout_loops_ring, gauntlet_entry_generic,
          portal_ice_cave_entry_pillars_2, grunt_megastairs_2
Lair:2:   layout_long_grid, guppyfry_snake_entry_island, basic_altar,
          st_stairs_5, worms_lemuel
Lair:3:   layout_long_grid
Lair:4:   layout_gridlike, elwin_shoals_entry_rooms, uniq_nergalle, uniq_rupert
Lair:5:   beast_lair_carwin_large_3, layout_hall_layers,
          cheibrodos_lair_reptile_den
Lair:6:   minmay_lair_end_frog_pond, layout_layer_cave,
          dpeg_slime_entry_enclosed_altar, st_stairs_5, fungi_pond_lemuel,
          disabler_island
Orc:1:    layout_caves, sword_in_stone
Orc:2:    st_orc_mages, layout_caves, minmay_orc_keep, uniq_snorg

Skill      XL: |  1  2  3  4  5  6  7  8  9 10 11 12 13 14 15 |
---------------+----------------------------------------------+-----
Fighting       | 4 5 8 10 | 10.0
Long Blades    | 3 4 5 6 8 10 12 13 14 | 14.0
Shields        | 5 7 9 |  9.0
Armour         | 4 8 9 10 12 | 12.7
Invocations    | 6 10 | 10.0
Dodging        | 3 8 9 |  9.0
Throwing       | 6 11 | 11.1

Action                   |  1- 3 |  4- 6 |  7- 9 | 10-12 | 13-15 || total
-------------------------+-------+-------+-------+-------+-------++-------
Melee: Long sword        |   107 |   342 |   425 |  1336 |       ||  2210
       Demon blade       |       |       |       |   217 |  1257 ||  1474
Throw: Javelin           |       |       |       |     5 |    58 ||    63
Invok: Heroism           |       |       |     3 |     8 |    11 ||    22
       Finesse           |       |       |       |     3 |     4 ||     7
 Abil: Dig               |       |     1 |     4 |    22 |     8 ||    35
  Use: Scroll            |       |       |     5 |    11 |     3 ||    19
       Potion            |       |       |     5 |     1 |     4 ||    10
 Stab: Distracted        |       |       |     1 |       |       ||     1
  Eat: Chunk             |     2 |     9 |    10 |    30 |    26 ||    77
       Ration            |       |       |     1 |     2 |     3 ||     6
Armor: Scale mail        |    48 |   100 |       |       |       ||   148
       Chain mail        |       |   108 |   200 |   181 |       ||   489
       Crystal plate arm |       |       |       |   298 |   562 ||   860
Dodge: Dodged            |    40 |   114 |   160 |   260 |   353 ||   927
Block: Shield            |    66 |   216 |   227 |   596 |   661 ||  1766
       Rpst.: Long sword |    12 |    34 |    42 |    75 |       ||   163
       Demon blade       |       |       |       |    10 |   107 ||   117
